| TOP OF THE 1ST |
|
Arizona Diamondbacks batting - Pitching for Atlanta Braves : RHP Jeremy Kasten
|
|
Pitching: RHP Jeremy Kasten
|
|
|
Batting: RHB Katilimomi Kelekolio
|
0-0: Ball 1-0: Ball 2-0: Ball 3-0: Base on Balls
|
|
Batting: LHB Roy Steigerwald
|
0-0: Ball 1-0: Fly out, F8 (Flyball, 8LD, EV 83.8 MPH)
|
|
Batting: SHB Alec Thorpe
|
0-0: Called Strike 0-1: Swinging Strike 0-2: Foul Ball, location: 2F 0-2: Foul Ball, location: 2F 0-2: Foul Ball, location: 2F 0-2: Ball 1-2: Foul Ball, location: 2F 1-2: Strikes out swinging
|
|
Batting: SHB Perry Tuckfard
|
0-0: Fly out, F8 (Flyball, 8LXD, EV 92.5 MPH)
|
| Top of the 1st over - 0 runs, 0 hits, 0 errors, 1 left on base; Arizona 0 - Atlanta 0 |
| BOTTOM OF THE 1ST |
|
Atlanta Braves batting - Pitching for Arizona Diamondbacks : RHP Marcus Wolfe
|
|
Pitching: RHP Marcus Wolfe
|
|
|
Batting: RHB Jeckel Hester
|
0-0: Ball 1-0: Called Strike 1-1: Foul Ball, location: 2F 1-2: Ball 2-2: Strikes out swinging
|
|
Batting: RHB Kevin Howard
|
0-0: SINGLE (Line Drive, 34, EV 95.0 MPH)
|
|
Batting: RHB David Casas
|
0-0: Called Strike 0-1: Foul Ball, location: 2F 0-2: Ball 1-2: Fly out, F7 (Line Drive, 7, EV 96.2 MPH)
|
|
Batting: LHB Erik Gretzky
|
0-0: Foul Ball, location: 2F 0-1: Ball 1-1: Fielders Choice at 2nd, 6-4 (Groundball, 6, EV 106.2 MPH)
|
| Bottom of the 1st over - 0 runs, 1 hit, 0 errors, 1 left on base; Arizona 0 - Atlanta 0 |
| TOP OF THE 2ND |
|
Arizona Diamondbacks batting - Pitching for Atlanta Braves : RHP Jeremy Kasten
|
|
Batting: LHB Joel Kunkler
|
0-0: SINGLE (Line Drive, 7LS, EV 96.9 MPH)
|
|
Batting: RHB Andy Swaim
|
0-0: Swinging Strike 0-1: Bunt missed! 0-2: Ball 1-2: 2-RUN HOME RUN (Flyball, 8RXD, EV 103.8 MPH), Distance : 430 ft
|
|
Batting: SHB Salvador Aragon
|
0-0: Ball 1-0: Ball 2-0: Foul Ball, location: 2F 2-1: Foul Ball, location: 2F 2-2: SINGLE (Groundball, 34D, EV 95.6 MPH)
|
|
Batting: LHB Bobby Arevalo
|
0-0: Ball 1-0: Ball 2-0: Ball 3-0: Called Strike 3-1: Base on Balls Salvador Aragon to second
|
|
Batting: LHB Mike Mentzer
|
0-0: Foul Ball, location: 2F 0-1: Swinging Strike 0-2: Foul Ball, location: 2F 0-2: Foul Ball, location: 2F 0-2: Strikes out swinging
|
|
Batting: RHB Katilimomi Kelekolio
|
0-0: Swinging Strike 0-1: Ball 1-1: SINGLE (Groundball, 4MD, EV 93.8 MPH) Salvador Aragon to third Bobby Arevalo to second
|
|
Batting: LHB Roy Steigerwald
|
0-0: Fly out, F8 (Flyball, 8RXD, EV 88.1 MPH) Runner from 3rd tags up, SCORES, no throw by CF Bobby Arevalo to third
|
|
Batting: SHB Alec Thorpe
|
0-0: Called Strike 0-1: Called Strike 0-2: Ball 1-2: Foul Ball, location: 2F 1-2: Ball 2-2: Ball 3-2: Base on Balls Katilimomi Kelekolio to second
|
|
Batting: SHB Perry Tuckfard
|
0-0: Foul Ball, location: 2F 0-1: Foul Ball, location: 2F 0-2: Strikes out looking
|
| Top of the 2nd over - 3 runs, 4 hits, 0 errors, 3 left on base; Arizona 3 - Atlanta 0 |
| BOTTOM OF THE 2ND |
|
Atlanta Braves batting - Pitching for Arizona Diamondbacks : RHP Marcus Wolfe
|
|
Batting: RHB Ike Trout
|
0-0: Called Strike 0-1: Ball 1-1: Ball 2-1: Foul Ball, location: 2F 2-2: Foul Ball, location: 2F 2-2: Strikes out swinging
|
|
Batting: SHB Terry Tuckfard
|
0-0: Called Strike 0-1: Called Strike 0-2: Ball 1-2: Strikes out swinging
|
|
Batting: RHB J.J. Powers
|
0-0: Ball 1-0: Foul Ball, location: 2F 1-1: Foul Ball, location: 2F 1-2: Ball 2-2: Ball 3-2: Foul Ball, location: 2F 3-2: Strikes out looking
|
| Bottom of the 2nd over - 0 runs, 0 hits, 0 errors, 0 left on base; Arizona 3 - Atlanta 0 |
| TOP OF THE 3RD |
|
Arizona Diamondbacks batting - Pitching for Atlanta Braves : RHP Jeremy Kasten
|
|
Batting: LHB Joel Kunkler
|
0-0: Called Strike 0-1: Foul Ball, location: 2F 0-2: Strikes out looking
|
|
Batting: RHB Andy Swaim
|
0-0: Foul Ball, location: 2F 0-1: Ball 1-1: Swinging Strike 1-2: Fly out, F7 (Flyball, 78S, EV 90.6 MPH)
|
|
Batting: SHB Salvador Aragon
|
0-0: Swinging Strike 0-1: Ball 1-1: Foul Ball, location: 2F 1-2: Strikes out swinging
|
| Top of the 3rd over - 0 runs, 0 hits, 0 errors, 0 left on base; Arizona 3 - Atlanta 0 |
| BOTTOM OF THE 3RD |
|
Atlanta Braves batting - Pitching for Arizona Diamondbacks : RHP Marcus Wolfe
|
|
Batting: LHB Luis Magdaleno
|
0-0: Called Strike 0-1: Fly out, F7 (Line Drive, 78M, EV 95.6 MPH)
|
|
Batting: RHB Liangde Li
|
0-0: Called Strike 0-1: Ball 1-1: Foul Ball, location: 2F 1-2: Strikes out swinging
|
|
Batting: RHB Jeckel Hester
|
0-0: Called Strike 0-1: Ball 1-1: SOLO HOME RUN (Flyball, 7LD, EV 99.4 MPH), Distance : 351 ft
|
|
Batting: RHB Kevin Howard
|
0-0: Foul Ball, location: 2F 0-1: Called Strike 0-2: Foul Ball, location: 2F 0-2: Ball 1-2: Fly out, F5 (Popup, 56, EV 74.4 MPH)
|
| Bottom of the 3rd over - 1 run, 1 hit, 0 errors, 0 left on base; Arizona 3 - Atlanta 1 |
| TOP OF THE 4TH |
|
Arizona Diamondbacks batting - Pitching for Atlanta Braves : RHP Jeremy Kasten
|
|
Batting: LHB Bobby Arevalo
|
0-0: Foul Ball, location: 2F 0-1: Swinging Strike 0-2: Strikes out looking
|
|
Batting: LHB Mike Mentzer
|
0-0: Ball 1-0: Ball 2-0: Foul Ball, location: 2F 2-1: SINGLE (Line Drive, 6MD, EV 108.1 MPH)
|
|
Batting: RHB Katilimomi Kelekolio
|
0-0: Ball 1-0: Swinging Strike 1-1: Fly out, F9 (Flyball, 9S, EV 88.8 MPH)
|
|
Batting: LHB Roy Steigerwald
|
0-0: Ball 1-0: Fielders Choice at 2nd, U6 (Groundball, 6M, EV 91.9 MPH)
|
| Top of the 4th over - 0 runs, 1 hit, 0 errors, 1 left on base; Arizona 3 - Atlanta 1 |
| BOTTOM OF THE 4TH |
|
Atlanta Braves batting - Pitching for Arizona Diamondbacks : RHP Marcus Wolfe
|
|
Batting: RHB David Casas
|
0-0: Ball 1-0: Foul Ball, location: 2F 1-1: Ball 2-1: Foul Ball, location: 2F 2-2: Foul Ball, location: 2F 2-2: Foul Ball, location: 2F 2-2: Foul Ball, location: 2F 2-2: Foul Ball, location: 2F 2-2: Ball 3-2: Fly out, F8 (Line Drive, 8RM, EV 84.4 MPH)
|
|
Batting: LHB Erik Gretzky
|
0-0: Ground out 4-3 (Groundball, 4, EV 106.9 MPH)
|
|
Batting: RHB Ike Trout
|
0-0: Called Strike 0-1: Foul Ball, location: 2F 0-2: Foul Ball, location: 2F 0-2: Ball 1-2: Foul Ball, location: 2F 1-2: Foul Ball, location: 2F 1-2: Strikes out swinging
|
| Bottom of the 4th over - 0 runs, 0 hits, 0 errors, 0 left on base; Arizona 3 - Atlanta 1 |
| TOP OF THE 5TH |
|
Arizona Diamondbacks batting - Pitching for Atlanta Braves : RHP Jeremy Kasten
|
|
Batting: SHB Alec Thorpe
|
0-0: Ball 1-0: Swinging Strike 1-1: Foul Ball, location: 2F 1-2: DOUBLE (Line Drive, 8LXD, EV 106.2 MPH)
|
|
Batting: SHB Perry Tuckfard
|
0-0: Foul Ball, location: 2F 0-1: Ball 1-1: Ball 2-1: Ball 3-1: Foul Ball, location: 2F 3-2: Foul Ball, location: 2F 3-2: Foul Ball, location: 2F 3-2: Foul Ball, location: 2F 3-2: Base on Balls
|
|
Batting: LHB Joel Kunkler
|
0-0: Called Strike 0-1: Ball 1-1: Foul Ball, location: 2F 1-2: Fly out, F8 (Line Drive, 8RD, EV 94.4 MPH)
|
|
Batting: RHB Andy Swaim
|
0-0: Foul Ball, location: 2F 0-1: Foul Ball, location: 2F 0-2: Strikes out swinging
|
|
Batting: SHB Salvador Aragon
|
0-0: Ground out 6-3 (Groundball, 6M, EV 101.9 MPH)
|
| Top of the 5th over - 0 runs, 1 hit, 0 errors, 2 left on base; Arizona 3 - Atlanta 1 |
| BOTTOM OF THE 5TH |
|
Atlanta Braves batting - Pitching for Arizona Diamondbacks : RHP Marcus Wolfe
|
|
Batting: SHB Terry Tuckfard
|
0-0: Ball 1-0: Called Strike 1-1: Ball 2-1: Ball 3-1: Base on Balls
|
|
Batting: RHB J.J. Powers
|
0-0: Called Strike 0-1: Ball 1-1: Swinging Strike 1-2: Ball 2-2: Foul Ball, location: 2F 2-2: SINGLE (Groundball, 34D, EV 111.2 MPH) Terry Tuckfard to second Runner from 2nd tries for 3rd, SAFE, throw by RF made to third
|
|
Batting: LHB Luis Magdaleno
|
0-0: Grounds into double play, 3-6-3 (Groundball, 3, EV 81.2 MPH) Terry Tuckfard scores
|
|
Batting: RHB Liangde Li
|
0-0: Ball 1-0: Called Strike 1-1: Foul Ball, location: 2F 1-2: Strikes out looking
|
| Bottom of the 5th over - 1 run, 1 hit, 0 errors, 0 left on base; Arizona 3 - Atlanta 2 |
| TOP OF THE 6TH |
|
Arizona Diamondbacks batting - Pitching for Atlanta Braves : RHP Jeremy Kasten
|
|
Batting: LHB Bobby Arevalo
|
0-0: Swinging Strike 0-1: Foul Ball, location: 2F 0-2: Ball 1-2: Strikes out swinging
|
|
Batting: LHB Mike Mentzer
|
0-0: Ball 1-0: Called Strike 1-1: SINGLE (Line Drive, 6D, EV 96.9 MPH)
|
|
Batting: RHB Katilimomi Kelekolio
|
0-0: Called Strike 0-1: Swinging Strike 0-2: Ball 1-2: Strikes out looking
|
|
Pitching: RHP Troy Hutch
|
|
|
Batting: LHB Roy Steigerwald
|
0-0: Called Strike 0-1: Fly out, F5 (Popup, 56, EV 63.1 MPH)
|
| Top of the 6th over - 0 runs, 1 hit, 0 errors, 1 left on base; Arizona 3 - Atlanta 2 |
| BOTTOM OF THE 6TH |
|
Atlanta Braves batting - Pitching for Arizona Diamondbacks : RHP Marcus Wolfe
|
|
Batting: RHB Jeckel Hester
|
0-0: Called Strike 0-1: DOUBLE (Line Drive, 5D, EV 99.4 MPH)
|
|
Batting: RHB Kevin Howard
|
0-0: Foul Ball, location: 2F 0-1: Foul Ball, location: 2F 0-2: Ball 1-2: Ball 2-2: Ball 3-2: Ground out 5-3 (Groundball, 56, EV 81.9 MPH)
|
|
Batting: RHB David Casas
|
0-0: Ball 1-0: Ball 2-0: Ball 3-0: Base on Balls
|
|
Batting: LHB Erik Gretzky
|
0-0: Foul Ball, location: 2F 0-1: SINGLE (Groundball, 4MD, EV 101.9 MPH) Jeckel Hester to third David Casas to second Runner from 3rd tries for Home, SAFE, throw by CF to home
|
|
Batting: RHB Ike Trout
|
0-0: Ball 1-0: Ball 2-0: Swinging Strike 2-1: Fly out, F8 (Flyball, 8RS, EV 74.4 MPH)
|
|
Batting: SHB Terry Tuckfard
|
0-0: Ball 1-0: Swinging Strike 1-1: Fly out, F5 (Popup, 5DF, EV 46.9 MPH)
|
| Bottom of the 6th over - 1 run, 2 hits, 0 errors, 2 left on base; Arizona 3 - Atlanta 3 |
| TOP OF THE 7TH |
|
Arizona Diamondbacks batting - Pitching for Atlanta Braves : RHP Troy Hutch
|
|
Batting: SHB Alec Thorpe
|
0-0: Fly out, F9 (Line Drive, 9S, EV 103.1 MPH)
|
|
Batting: SHB Perry Tuckfard
|
0-0: Ball 1-0: Ball 2-0: Ball 3-0: Called Strike 3-1: Base on Balls
|
|
Batting: LHB Joel Kunkler
|
0-0: Ball 1-0: Ball 2-0: Foul Ball, location: 2F 2-1: Called Strike 2-2: Strikes out looking
|
|
Batting: RHB Andy Swaim
|
0-0: Ball 1-0: Fielders Choice at 2nd, 5-4 (Groundball, 5, EV 79.4 MPH)
|
| Top of the 7th over - 0 runs, 0 hits, 0 errors, 1 left on base; Arizona 3 - Atlanta 3 |
| BOTTOM OF THE 7TH |
|
Atlanta Braves batting - Pitching for Arizona Diamondbacks : RHP Marcus Wolfe
|
|
Batting: RHB J.J. Powers
|
0-0: Fly out, F9 (Flyball, 9LMF, EV 111.2 MPH)
|
|
Batting: LHB Luis Magdaleno
|
0-0: Called Strike 0-1: Ball 1-1: Ball 2-1: Ball 3-1: Called Strike 3-2: Fly out, F9 (Flyball, 9S, EV 87.5 MPH)
|
|
Batting: RHB Liangde Li
|
0-0: Called Strike 0-1: Swinging Strike 0-2: Strikes out swinging
|
| Bottom of the 7th over - 0 runs, 0 hits, 0 errors, 0 left on base; Arizona 3 - Atlanta 3 |
| TOP OF THE 8TH |
|
Arizona Diamondbacks batting - Pitching for Atlanta Braves : RHP Troy Hutch
|
|
Batting: SHB Salvador Aragon
|
0-0: Ground out 4-3 (Groundball, 4, EV 87.5 MPH)
|
|
Batting: LHB Bobby Arevalo
|
0-0: Ground out 4-3 (Groundball, 4, EV 103.8 MPH)
|
|
Batting: LHB Mike Mentzer
|
0-0: Foul Ball, location: 2F 0-1: Ball 1-1: SINGLE (Line Drive, 8LS, EV 98.1 MPH)
|
|
Batting: RHB Katilimomi Kelekolio
|
0-0: Called Strike 0-1: Ball 1-1: Called Strike 1-2: Strikes out swinging
|
| Top of the 8th over - 0 runs, 1 hit, 0 errors, 1 left on base; Arizona 3 - Atlanta 3 |
| BOTTOM OF THE 8TH |
|
Atlanta Braves batting - Pitching for Arizona Diamondbacks : RHP Marcus Wolfe
|
|
Pitching: LHP Mario Valdivia
|
|
|
Batting: RHB Jeckel Hester
|
0-0: Ball 1-0: Called Strike 1-1: Foul Ball, location: 2F 1-2: Foul Ball, location: 2F 1-2: Strikes out swinging
|
|
Batting: RHB Kevin Howard
|
0-0: Ball 1-0: DOUBLE (Flyball, 9LD, EV 108.8 MPH)
|
|
Batting: RHB David Casas
|
0-0: Intentional Walk
|
|
Pinch Hitting: RHB Bobby Ayala
|
0-0: Ball 1-0: Ball 2-0: Ball 3-0: Called Strike 3-1: Fly out, F9 (Flyball, 9S, EV 93.1 MPH)
|
|
Batting: RHB Ike Trout
|
0-0: Called Strike 0-1: Ball 1-1: Swinging Strike 1-2: Ball 2-2: Strikes out looking
|
| Bottom of the 8th over - 0 runs, 1 hit, 0 errors, 2 left on base; Arizona 3 - Atlanta 3 |
| TOP OF THE 9TH |
|
Arizona Diamondbacks batting - Pitching for Atlanta Braves : RHP Troy Hutch
|
|
Pitching: RHP Victor Munoz
|
|
|
Now in RF: Jared Speck
|
|
|
Batting: LHB Roy Steigerwald
|
0-0: Ground out 6-3 (Groundball, 6, EV 84.4 MPH)
|
|
Batting: SHB Alec Thorpe
|
0-0: Called Strike 0-1: Called Strike 0-2: Ball 1-2: Ball 2-2: Strikes out looking
|
|
Batting: SHB Perry Tuckfard
|
0-0: Foul Ball, location: 2F 0-1: Ball 1-1: Ball 2-1: Ball 3-1: Ground out 3-1 (Groundball, 34, EV 85.6 MPH)
|
| Top of the 9th over - 0 runs, 0 hits, 0 errors, 0 left on base; Arizona 3 - Atlanta 3 |
| BOTTOM OF THE 9TH |
|
Atlanta Braves batting - Pitching for Arizona Diamondbacks : LHP Mario Valdivia
|
|
Batting: SHB Terry Tuckfard
|
0-0: Called Strike 0-1: Ball 1-1: Called Strike 1-2: Ball 2-2: Foul Ball, location: 2F 2-2: Foul Ball, location: 2F 2-2: SINGLE (Groundball, 6D, EV 102.5 MPH)
|
|
Batting: RHB J.J. Powers
|
0-0: Sac Bunt to 15S - play at first, batter OUT! 1-3 Terry Tuckfard to second
|
|
Pinch Hitting: RHB Xavier Davis
|
0-0: Called Strike 0-1: Ball 1-1: Called Strike 1-2: DOUBLE (Flyball, 8LXD, EV 96.9 MPH) Terry Tuckfard scores
|
| Bottom of the 9th over - 1 run, 2 hits, 0 errors, 1 left on base; Arizona 3 - Atlanta 4 |
|